 Dungeon Sprint DCSS version 0.29-a0-1043-g569b05d6ff (webtiles) character file.

Game seed: 17214857121348363835

9849 Zeldest the Martial Artist (level 11, 0/87 HPs)
             Began as a Djinni Warper on Aug 15, 2022.
             Was the Champion of Cheibriados.
             Slain by an orc warrior
             ... wielding a +1 long sword of protection
              (17 damage)
             ... in the Dungeon (Sprint IX: "|||||||||||||||||||||||||||||").
             The game lasted 00:06:25 (658 turns).

Zeldest the Martial Artist (Djinni Warper)           Turns: 658, Time: 00:06:25

Health: 0/87       AC:  9    Str: 27    XL:     11   Next: 82%
Gold:   1204       EV: 25    Int: 37    God:    Cheibriados [******] SH:  0 Dex: 29

rFire   + + .      SeeInvis .     - Unarmed
rCold   x . .      Faith    .   (no shield)
rNeg    . . .      Spirit   .   l - +0 troll leather armour
rPois   ∞          Reflect  .   h - +0 helmet
rElec   .          Harm     .   p - +0 cloak
rCorr   .          Rampage  .   (no gloves)
Will    +....      NoTele   +   (boots unavailable)
Stlth   ++........              (no amulet)
HPRegen 1.04/turn               j - +3 ring of intelligence
MPRegen 0.00/turn               k - +3 ring of intelligence

@: flying, very slightly contaminated, very slow
A: sickness immunity, fire resistance 2, cold vulnerability 1, float, innate
caster, HP casting, extra vitality 1
a: Renounce Religion, Bend Time, Temporal Distortion, Slouch, Step From Time


You were in the Dungeon.
You worshipped Cheibriados.
Cheibriados was exalted by your worship.
You visited 1 branch You collected 1204 gold pieces.

Inventory:

Missiles
 c - 4 boomerangs of dispersal (quivered)
 q - 3 boomerangs
Armour
 a - a +0 leather armour
 h - a +0 helmet (worn)
 i - a +1 scale mail
 l - a +0 troll leather armour (worn)
 p - a +0 cloak (worn)
Jewellery
 j - a +3 ring of intelligence (left hand)
 k - a +3 ring of intelligence (right hand)
Scrolls
 b - 2 scrolls of blinking
 m - 2 scrolls of enchant armour
 n - 2 scrolls of fear
Potions
 d - 6 potions of curing
 e - a potion of invisibility
 g - 4 potions of might
 o - 2 potions of cancellation


   Skills:
 + Level 11.3 Fighting
 - Level 0.7 Throwing
 + Level 11.1 Armour
 + Level 12.2 Dodging
 + Level 13.0 Unarmed Combat
 + Level 8.8 Spellcasting
 + Level 10.0 Invocations
 + Level 8.4 Evocations


You couldn't memorise any spells.
You knew the following spells:

 Your Spells              Type           Power      Damage    Failure   Level
a - Blink                 Tloc           100%       N/A       1%          2
b - Lesser Beckoning      Tloc           70%        N/A       1%          3
c - Gell's Gravitas       Tloc           70%        N/A       1%          3
d - Teleport Other        Tloc           70%        N/A       1%          3
e - Manifold Assault      Tloc           70%        N/A       1%          5
f - Slow                  Hex            100%       N/A       1%          1
g - Poisonous Vapours     Pois/Air       100%       N/A       1%          2
h - Static Discharge      Conj/Air       70%        3-12/arc  1%          2
i - Dispel Undead         Necr           70%        3d24      1%          4
j - Airstrike             Air            35%        2d(5-21)  1%          4
Your spell library was empty.

Dungeon Overview and Level Annotations

Branches:
Dungeon (1/1)

Altars:
Cheibriados
Dithmenos
Elyvilon
Fedhas
Gozag
Hepliaklqana
Makhleb
Nemelex Xobeh
Okawaru
Qazlal
Ru
Trog
Uskayaw
Wu Jian
Xom
Yredelemnul
Zin
The Shining One
Jiyva
Lugonu

Shops:
D (


Innate Abilities, Weirdness & Mutations

You are immune to sickness and miasma.
You are immune to poison.
Your flesh is very heat resistant. (rF++)
You are vulnerable to cold. (rC-)
You float through the air rather than walking.
You learn spells naturally, not from books.
Your magical power is your life essence.
You have superior vitality. (+4 MHP)


Message History

Cheibriados appreciates the change of pace.
You punch the orc knight! The orc warrior completely misses you.
Unknown command.
Casting: Manifold Assault (dangerous; 1% risk of failure)
Confirm with . or Enter, or press ? or * to list all spells.
Space momentarily warps into an impossible shape!
You hit the orc warrior. You punch the orc warrior!
You kill the orc warrior!
Cheibriados appreciates the change of pace.
You hit the orc knight but do no damage.
The orc warrior closely misses you.
An orc warrior comes into view. It is wielding a +0 scimitar.
Your Invocations skill increases to level 10!
Casting: Manifold Assault (dangerous; 1% risk of failure)
Confirm with . or Enter, or press ? or * to list all spells.
You miscast Manifold Assault.
You are very lightly contaminated with residual magic.
Nothing appears to happen.
The orc warrior shouts!
The orc warrior barely misses you.
The orc knight hits you from afar with a +1 bardiche of protection!!
* * * LOW HITPOINT WARNING * * *
Casting: Manifold Assault (dangerous; 1% risk of failure)
Confirm with . or Enter, or press ? or * to list all spells.
Space momentarily warps into an impossible shape!
You punch the orc warrior! x2
You hit the orc knight but do no damage.
* * * LOW HITPOINT WARNING * * *
Casting: Manifold Assault (dangerous; 1% risk of failure)
Confirm with . or Enter, or press ? or * to list all spells.
Space momentarily warps into an impossible shape!
You hit the orc warrior. x2; You punch the orc knight!
* * * LOW HITPOINT WARNING * * *
An orc warrior comes into view. It is wielding a +0 glaive.
The orc warrior hits you with a +1 long sword of protection.
* * * LOW HITPOINT WARNING * * *
The orc knight misses you.
You feel better.
The orc warrior hits you with a +1 long sword of protection!
You die...

▓[▓.▓.▓.▓
▓.▓.▓.▓.▓∩▓
▓.▓.▓†▓.▓o▓
▓)▓.▓.▓.▓o▓
▓?▓.▓†▓.▓$▓
▓!▓.▓†▓.▓o▓
▓'▓.▓†▓.▓o▓
▓_▓.▓.▓.▓o▓
▓_▓.▓.▓.▓@▓
▓_▓.▓.▓.▓.▓
▓_▓.▓†▓.▓.▓
▓_▓.▓†▓.▓.▓
▓_▓.▓.▓.▓.▓
▓_▓.▓†▓.▓.▓
▓_▓.▓†▓.▓.▓
▓_▓.▓.▓.▓)▓
▓_▓.▓†▓.▓)▓


You could see an orc knight and 4 orc warriors.

Vanquished Creatures
  A hydra (D)
  2 orc knights (D)
  A deep elf pyromancer (D)
  An orc sorcerer (D)
  A cyclops (D)
  An elephant (D)
  4 cane toads (D)
  3 komodo dragons (D)
  A kobold demonologist (D)
  An efreet (D)
  2 trolls (D)
  4 polar bears (D)
  A blink frog (D)
  2 wyverns (D)
  A shadow (D)
  A wraith (D)
  A yak (D)
  Eustachio (D)
  A vampire mosquito (D)
  An acid dragon (D)
  4 water moccasins (D)
  4 black bears (D)
  10 orc warriors (D)
  A kobold brigand (D)
  A necrophage (D)
  A bullfrog (D)
  An orc priest (D)
  A hell rat (D)
  3 orc wizards (D)
  An ufetubus (D)
  11 orcs (D)
  A giant cockroach (D)
  A goblin (D)
  A ball python (D)
  A bat (D)
  A kobold (D)
74 creatures vanquished.

Notes
Turn   | Place    | Note
-------+----------+-------------------------------------------
     0 | D        | Zeldest the Djinni Warper began the quest for the Orb.
     0 | D        | Zeldest set off with the following spells memorised: Blink,
                  | Lesser Beckoning, Gell's Gravitas, Teleport Other, Manifold
                  | Assault.
     0 | D        | Reached XP level 1. HP: 18/18 MP: 0/0
    37 | D        | Noticed an iguana
    37 | D        | Noticed a necrophage
    37 | D        | Noticed a water moccasin
    39 | D        | Reached XP level 2. HP: 24/24 MP: 0/0
    46 | D        | Killed a water moccasin
    47 | D        | Reached skill level 5 in Unarmed Combat
    47 | D        | Reached XP level 3. HP: 27/31 MP: 0/0
    47 | D        | Learned a level 1 spell: Slow
    47 | D        | Reached XP level 4. HP: 32/37 MP: 0/0
    47 | D        | Reached XP level 5. HP: 35/41 MP: 0/0
    47 | D        | Learned a level 2 spell: Poisonous Vapours
    67 | D        | Reached skill level 5 in Dodging
    67 | D        | Reached skill level 6 in Unarmed Combat
    77 | D        | Found a snail-covered altar of Cheibriados.
    77 | D        | Found a shadowy altar of Dithmenos.
    77 | D        | Found a white marble altar of Elyvilon.
    77 | D        | Found a blossoming altar of Fedhas.
    77 | D        | Found an opulent altar of Gozag.
    78 | D        | Found a hazy altar of Hepliaklqana.
    79 | D        | Found a viscous altar of Jiyva.
    81 | D        | Became a worshipper of Cheibriados the Contemplative
    82 | D        | Found a corrupted altar of Lugonu.
    83 | D        | Found a burning altar of Makhleb.
    84 | D        | Found a sparkling altar of Nemelex Xobeh.
    85 | D        | Found an iron altar of Okawaru.
    86 | D        | Found a stormy altar of Qazlal.
    87 | D        | Found a sacrificial altar of Ru.
    89 | D        | Found a bloodstained altar of Trog.
    90 | D        | Found a hide-covered altar of Uskayaw.
    92 | D        | Found an ornate altar of the Wu Jian Council.
    93 | D        | Found a shimmering altar of Xom.
    94 | D        | Found a basalt altar of Yredelemnul.
    95 | D        | Found a glowing silver altar of Zin.
    96 | D        | Found a glowing golden altar of the Shining One.
   137 | D        | Noticed an orc warrior
   137 | D        | Noticed a kobold brigand
   137 | D        | Noticed a kobold demonologist
   137 | D        | Noticed a troll
   137 | D        | Noticed an acid dragon
   137 | D        | Noticed a troll
   139 | D        | Killed a kobold brigand
   140 | D        | Reached skill level 5 in Fighting
   140 | D        | Reached skill level 7 in Unarmed Combat
   140 | D        | Reached skill level 1 in Invocations
   140 | D        | Reached XP level 6. HP: 33/49 MP: 0/0
   141 | D        | Killed a troll
   141 | D        | Killed an acid dragon
   141 | D        | Reached * piety under Cheibriados
   141 | D        | Killed a troll
   142 | D        | Reached skill level 9 in Unarmed Combat
   142 | D        | Reached skill level 5 in Spellcasting
   142 | D        | Reached XP level 7. HP: 30/57 MP: 0/0
   142 | D        | Learned a level 2 spell: Static Discharge
   142 | D        | Reached XP level 8. HP: 32/62 MP: 0/0
   142 | D        | Killed a kobold demonologist
   142 | D        | Reached ** piety under Cheibriados
   143 | D        | Reached skill level 10 in Unarmed Combat
   143 | D        | Reached skill level 5 in Invocations
   161 | D        | Noticed a deep elf pyromancer
   161 | D        | Noticed a cyclops
   161 | D        | Noticed an efreet
   161 | D        | Noticed a shadow
   161 | D        | Noticed a wraith
   163 | D        | Killed a shadow
   163 | D        | Reached *** piety under Cheibriados
   164 | D        | Reached skill level 1 in Evocations
   165 | D        | Killed a wraith
   166 | D        | Reached XP level 9. HP: 60/69 MP: 0/0
   166 | D        | Learned a level 4 spell: Dispel Undead
   166 | D        | Killed an efreet
   166 | D        | Killed a cyclops
   166 | D        | Reached **** piety under Cheibriados
   166 | D        | Killed a deep elf pyromancer
   167 | D        | Reached skill level 11 in Unarmed Combat
   277 | D        | Noticed a cane toad
   277 | D        | Noticed a cane toad
   277 | D        | Noticed a komodo dragon
   277 | D        | Noticed a komodo dragon
   279 | D        | Reached ***** piety under Cheibriados
   282 | D        | Killed a cane toad
   282 | D        | Noticed a cane toad
   283 | D        | Reached XP level 10. HP: 49/78 MP: 0/0
   286 | D        | Killed a komodo dragon
   287 | D        | Reached skill level 10 in Dodging
   287 | D        | Reached skill level 5 in Evocations
   290 | D        | Killed a cane toad
   291 | D        | Killed a komodo dragon
   294 | D        | Killed a cane toad
   310 | D        | Noticed a cane toad
   310 | D        | Noticed a four-headed hydra
   310 | D        | Noticed an elephant
   310 | D        | Noticed a komodo dragon
   311 | D        | Reached ****** piety under Cheibriados
   320 | D        | Killed a komodo dragon
   321 | D        | Reached skill level 10 in Fighting
   328 | D        | Killed an elephant
   329 | D        | Reached skill level 12 in Unarmed Combat
   329 | D        | Killed a cane toad
   330 | D        | Reached skill level 10 in Armour
   330 | D        | Reached XP level 11. HP: 27/85 MP: 0/0
   330 | D        | Learned a level 4 spell: Airstrike
   331 | D        | Killed a four-headed hydra
   427 | D        | Noticed Eustachio
   445 | D        | Killed Eustachio
   569 | D        | Noticed an orc knight
   569 | D        | Noticed an orc sorcerer
   575 | D        | Killed an orc sorcerer
   587 | D        | Killed an orc knight
   588 | D        | Noticed an orc knight
   590 | D        | Noticed an orc knight
   610 | D        | Killed an orc knight
   611 | D        | Reached skill level 13 in Unarmed Combat
   646 | D        | Found Qytumo's Weapon Boutique.
   646 | D        | Noticed an orc knight
   655 | D        | Reached skill level 10 in Invocations
   658 | D        | Slain by an orc warrior

Illustrated notes

Levels and vault maps discovered:
D:        linesprint [early_d, line_temple, items_1, d_10, items_2, lair_1,
          lair_end, items_3, orc_1, orc_end, items_4, d_15, swamp_1, shoals_1,
          snake_1, spider_1, d_20, vaults_1, items_5, swamp_end, shoals_end,
          snake_end, spider_end, vaults_end, d_27, items_6, zot_1, zot_end,
          crypt_end, forest_end, elf_end, slime_end, tomb_end, abyss_end,
          pan_hell_end]

Skill      XL: |  1  2  3  4  5  6  7  8  9 10 11 |
---------------+----------------------------------+-----
Fighting       | 4 5 6 7 9 10 11 | 11.3
Armour         | 3 4 6 7 8 10 11 | 11.1
Dodging        | 4 5 7 8 9 11 12 | 12.2
Unarmed Combat | 5 7 9 10 11 12 13 | 13.0
Spellcasting   | 3 4 5 6 7 8 |  8.8
Invocations    | 1 4 5 7 8 10 | 10.0
Evocations     | 1 4 6 8 |  8.4
Throwing       | |  0.7

Action                   |  1- 3 |  4- 6 |  7- 9 | 10-12 || total
-------------------------+-------+-------+-------+-------++-------
Melee: Unarmed           |    34 |    14 |    11 |   213 ||   272
       Punch             |       |     2 |       |    10 ||    12
Throw: Boomerang         |       |     3 |       |       ||     3
 Cast: Slow              |       |     1 |       |       ||     1
       Manifold Assault  |       |       |     3 |    50 ||    53
Invok: Slouch            |       |       |     1 |     6 ||     7
       Step From Time    |       |       |       |     1 ||     1
Evoke: Wand              |       |     4 |     6 |       ||    10
  Use: Potion            |     2 |     1 |     1 |     6 ||    10
       Scroll            |       |     1 |       |     1 ||     2
Armor: Leather armour    |     5 |     1 |       |       ||     6
       Scale mail        |       |     4 |       |       ||     4
       Troll leather arm |       |       |     1 |     7 ||     8
Dodge: Dodged            |    23 |     9 |    10 |    81 ||   123

Table legend: (Time is in decaauts)
 A = Elapsed time spent in this place.
 B = Non-inter-level travel time spent in this place.
 C = Inter-level travel time spent in this place.
 D = Time resting spent in this place.
 E = Time spent auto-exploring this place.
 F = Levels seen in this place.
 G = Mean time per level.
                   A        B        C        D        E       F      G
               +--------+--------+--------+--------+--------+-----+--------+
         Total |    918 |    918 |      0 |      8 |      0 |   1 |  918.0 |
       Dungeon |    918 |    918 |      0 |      8 |      0 |   1 |  918.0 |
               +--------+--------+--------+--------+--------+-----+--------+

Top non-repeatable levels by time:
       D: 918 daAuts
